 Dungeon Crawl Stone Soup version 0.28.0-53-g5a82cb258f (webtiles) character file.

Game seed: 9499832891503614434

9598 MisterFreud the Covert (level 11, -9/93 HPs)
             Began as a Gnoll Delver on June 29, 2022.
             Was a High Priest of Ignis.
             Mangled by an eight-headed hydra (13 damage)
             ... on level 11 of the Dungeon.
             The game lasted 00:14:28 (8847 turns).

MisterFreud the Covert (Gnoll Delver)               Turns: 8847, Time: 00:14:29

Health: -9/93      AC: 16    Str: 10    XL:     11   Next: 49%
Magic:  20/20      EV: 19    Int: 13    God:    Ignis [*****.]
Gold:   473        SH:  0    Dex: 14    Spells: 22/22 levels left

rFire   + . .      SeeInvis .   h - +9 mace of Uncertain Death {protect, rPois rN++ rCorr Str-2}
rCold   . . .      Faith    .   (no shield)
rNeg    + + .      Spirit   .   N - +0 troll leather armour
rPois   +          Reflect  .   u - +0 helmet
rElec   .          Harm     .   y - +0 cloak
rCorr   +          Rampage  .   s - +1 pair of gloves
Will    .....                   (no boots)
Stlth   +++++.....              G - amulet of regeneration
HPRegen 1.85/turn               L - +4 ring of evasion
MPRegen 0.17/turn               (no ring)

@: under a protective aura, studying Fighting
A: fangs 1, strong nose, distributed training
a: Renounce Religion, Fiery Armour, Foxfire Swarm, Rising Flame


You were on level 11 of the Dungeon.
You worshipped Ignis.
Ignis was extremely pleased with you.
You visited 1 branch of the dungeon, and saw 11 of its levels.

You collected 613 gold pieces.
You spent 140 gold pieces at shops.

Inventory:

Hand Weapons
 a - a +0 short sword
 h - the +9 mace of Uncertain Death (weapon) {protect, rPois rN++ rCorr Str-2}
   (You found it on level 3 of the Dungeon)

   It grants its wielder temporary protection when it strikes (+7 to AC).
   Str:       It affects your strength (-2).
   rPois:     It protects you from poison.
   rN:        It greatly protects you from negative energy.
   rCorr:     It protects you from acid and corrosion.
 l - a +3 quarterstaff of freezing
Missiles
 m - 2 curare-tipped darts
 q - 3 datura-tipped darts (quivered)
 v - 36 poisoned darts
 z - 2 throwing nets
 T - a boomerang
Armour
 b - a +0 leather armour
 s - a +1 pair of gloves (worn)
 u - a +0 helmet (worn)
 y - a +0 cloak (worn)
 N - a +0 troll leather armour (worn)
 P - +0 steam dragon scales
Jewellery
 i - a ring of ice
 r - a ring of ice
 G - an amulet of regeneration (around neck)
 L - a +4 ring of evasion (left hand)
Wands
 g - a wand of digging (3)
 k - a wand of flame (32)
 E - a wand of polymorph (7)
 M - a wand of iceblast (12)
 Q - a wand of acid (3)
 U - a wand of paralysis (6)
Scrolls
 c - 3 scrolls of fog
 d - a scroll of magic mapping
 e - 3 scrolls of fear
 x - 7 scrolls of teleportation
 D - 5 scrolls of amnesia
 H - a scroll of enchant armour
 K - a scroll of brand weapon
 O - 3 scrolls of enchant weapon
 R - a scroll of identify
 S - a scroll of blinking
Potions
 f - 4 potions of haste
 j - a potion of cancellation {unknown}
 n - 4 potions of lignification
 o - a potion of degeneration
 p - a potion of berserk rage
 t - 5 potions of curing
 w - 4 potions of flight
 A - a potion of magic {unknown}
 B - 3 potions of mutation
 C - a potion of resistance {unknown}
 F - a potion of heal wounds {unknown}
 I - a potion of brilliance {unknown}
 J - 6 potions of ambrosia


   Skills:
 + Level 11.2 Fighting
 + Level 7.9 Short Blades
 + Level 6.3 Long Blades
 + Level 6.3 Axes
 + Level 6.3 Maces & Flails
 + Level 6.3 Polearms
 + Level 6.3 Staves
 + Level 6.3 Slings
 + Level 6.3 Bows
 + Level 6.3 Crossbows
 + Level 6.3 Throwing
 + Level 6.3 Armour
 + Level 7.9 Dodging
 + Level 11.4 Stealth
 + Level 6.3 Shields
 + Level 6.3 Unarmed Combat
 + Level 6.3 Spellcasting
 + Level 5.2 Conjurations
 + Level 5.2 Hexes
 + Level 5.2 Summonings
 + Level 5.2 Necromancy
 + Level 5.2 Translocations
 + Level 5.2 Transmutations
 + Level 5.2 Fire Magic
 + Level 5.2 Ice Magic
 + Level 5.2 Air Magic
 + Level 5.2 Earth Magic
 + Level 5.2 Poison Magic
 + Level 7.0 Invocations
 + Level 6.3 Evocations


You had 22 spell levels left.
You didn't know any spells.
Your spell library contained the following spells:

 Spells                   Type           Power      Damage    Failure   Level
 Freeze                   Ice            68%        1d8       2%          1
 Sting                    Tmut/Pois      68%        1d6       2%          1
 Poisonous Vapours        Pois/Air       34%        N/A       3%          2
 Conjure Flame            Conj/Fire      17%        6-21      7%          3
 Frozen Ramparts          Ice            34%        1d5       7%          3
 Ignite Poison            Fire/Tmut/Pois 17%        N/A       7%          3
 Airstrike                Air            8%         N/A       24%         4
 Animate Dead             Necr           8%         N/A       24%         4
 Hailstorm                Conj/Ice       17%        3d6       24%         4
 Olgreb's Toxic Radiance  Pois           17%        N/A       24%         4
 Sticky Flame             Conj/Fire      17%        2d4       24%         4
 Summon Lightning Spire   Summ/Air       17%        N/A       24%         4
 Borgnjor's Vile Clutch   Necr/Erth      8%         N/A       54%         5
 Lightning Bolt           Conj/Air       8%         1d21      54%         5
 Death Channel            Necr           8%         N/A       98%         6


Dungeon Overview and Level Annotations

Branches:
Dungeon (11/15)            Temple (0/1) D:4            Lair (0/6) D:9
    Orc (0/2) D:9

Altars:
Ashenzari
Gozag
Makhleb
Qazlal
Sif Muna
Xom
Ignis

Shops:
D:7 ?   D:9 [   D:10 ([=([


Innate Abilities, Weirdness & Mutations

You have very sharp teeth.
Your uncanny sense of smell can sniff out nearby items.
Your experience applies equally to all skills.


Message History

The eight-headed hydra barely misses you.
The eight-headed hydra bites you. The eight-headed hydra misses you.
The eight-headed hydra bites you but does no damage.
The eight-headed hydra barely misses you.
The eight-headed hydra completely misses you.
The eight-headed hydra bites you but does no damage.
The eight-headed hydra misses you.
You sock the eight-headed hydra!
The eight-headed hydra is moderately wounded.
The eight-headed hydra barely misses you. x2
The eight-headed hydra closely misses you.
The eight-headed hydra misses you.
The eight-headed hydra closely misses you. x2
The eight-headed hydra misses you. The eight-headed hydra bites you!
You hit the eight-headed hydra.
You bite the eight-headed hydra, but do no damage.
The eight-headed hydra is moderately wounded.
The eight-headed hydra bites you. The eight-headed hydra misses you.
The eight-headed hydra bites you but does no damage.
The eight-headed hydra bites you.
The eight-headed hydra closely misses you.
The eight-headed hydra bites you!
The eight-headed hydra completely misses you.
The eight-headed hydra bites you!
* * * LOW HITPOINT WARNING * * *
The eight-headed hydra misses you.
The eight-headed hydra barely misses you.
The eight-headed hydra completely misses you.
The eight-headed hydra misses you.
The eight-headed hydra bites you but does no damage.
The eight-headed hydra bites you.
* * * LOW HITPOINT WARNING * * *
The eight-headed hydra bites you!
* * * LOW HITPOINT WARNING * * *
The eight-headed hydra bites you but does no damage.
Unknown command.
You sock the eight-headed hydra!
The eight-headed hydra is moderately wounded.
The eight-headed hydra misses you. The eight-headed hydra bites you!
You die...

######+## #.......#
#...(...# #.......#
#....>..#########
#.((....D@......##########
#.......#######...........
######### ############ ###


You could see a neutral eight-headed hydra (fast, strong, insane).

Vanquished Creatures
  A troll (D:9)
  A queen bee (D:10)
  A hornet (D:10)
  2 wyverns
  15 yaks (D:10)
  4 basilisks (D:9)
  2 steam dragons (D:9)
  Grum (D:11)
  An acid dragon (D:11)
  A water moccasin (D:7)
  A sky beast (D:4)
  6 orc warriors
  A hornet zombie (D:5)
  2 ogres (D:4)
  4 wolves (D:11)
  A phantom (D:7)
  4 centaurs
  3 kobold brigands
  A bullfrog (D:7)
  2 wyvern zombies
  3 scorpions
  2 water moccasin skeletons (D:4)
  23 killer bees (D:10)
  An electric eel (D:10)
  9 howler monkeys
  A bullfrog zombie (D:5)
  3 centaur zombies
  5 orc priests
  A gnoll shaman (D:9)
  A hound (D:5)
  2 jellies
  Crazy Yiuf (D:3)
  A bullfrog skeleton (D:5)
  Jessica (D:3)
  Natasha (thrice) (D:3)
  3 iguanas
  5 orc wizards
  2 hound skeletons
  7 gnolls
  2 adders (D:2)
  2 howler monkey skeletons
  A shadow imp (D:7)
  A white imp (D:5)
  An adder skeleton (D:4)
  A worm (D:2)
  A dart slug (D:2)
  29 orcs
  7 ball pythons
  7 endoplasms
  5 giant cockroaches
  6 goblins
  8 hobgoblins
  17 jackals
  16 kobolds
  A quokka (D:1)
  5 bats
  5 frilled lizards
  9 rats
252 creatures vanquished.

Vanquished Creatures (others)
  A fungus (D:3)
  5 plants (D:10)
6 creatures vanquished.

Grand Total: 258 creatures vanquished

Notes
Turn   | Place    | Note
-------+----------+-------------------------------------------
     0 | D:5      | MisterFreud the Gnoll Delver began the quest for the Orb.
     0 | D:5      | Reached XP level 1. HP: 23/23 MP: 1/1
     2 | D:6      | Noticed an orc wizard
    33 | D:5      | Reached XP level 2. HP: 29/29 MP: 2/2
    33 | D:5      | Reached XP level 3. HP: 35/35 MP: 3/3
    93 | D:5      | Reached skill level 1 in Invocations
   230 | D:3      | Reached skill level 1 in Long Blades
   230 | D:3      | Reached skill level 1 in Axes
   230 | D:3      | Reached skill level 1 in Maces & Flails
   230 | D:3      | Reached skill level 1 in Polearms
   230 | D:3      | Reached skill level 1 in Staves
   230 | D:3      | Reached skill level 1 in Slings
   230 | D:3      | Reached skill level 1 in Bows
   230 | D:3      | Reached skill level 1 in Crossbows
   230 | D:3      | Reached skill level 1 in Throwing
   230 | D:3      | Reached skill level 1 in Armour
   230 | D:3      | Reached skill level 1 in Shields
   230 | D:3      | Reached skill level 1 in Unarmed Combat
   230 | D:3      | Reached skill level 1 in Spellcasting
   230 | D:3      | Reached skill level 1 in Evocations
   337 | D:2      | Reached XP level 4. HP: 36/41 MP: 5/5
  1156 | D:2      | Reached skill level 1 in Conjurations
  1156 | D:2      | Reached skill level 1 in Hexes
  1156 | D:2      | Reached skill level 1 in Summonings
  1156 | D:2      | Reached skill level 1 in Necromancy
  1156 | D:2      | Reached skill level 1 in Translocations
  1156 | D:2      | Reached skill level 1 in Transmutations
  1156 | D:2      | Reached skill level 1 in Fire Magic
  1156 | D:2      | Reached skill level 1 in Ice Magic
  1156 | D:2      | Reached skill level 1 in Air Magic
  1156 | D:2      | Reached skill level 1 in Earth Magic
  1156 | D:2      | Reached skill level 1 in Poison Magic
  1165 | D:2      | Found a faded altar of an unknown god.
  1203 | D:2      | Prayed at the altar of an unknown god.
  1203 | D:2      | Became a worshipper of Ignis, the Dying Flame
  1596 | D:2      | Reached XP level 5. HP: 46/47 MP: 6/6
  2057 | D:3      | Found a runed translucent door.
  2059 | D:3      | Identified the +9 mace of Uncertain Death {protect, rPois
                  | rN++ rCorr Str-2}
  2062 | D:3      | Noticed Crazy Yiuf
  2073 | D:3      | Killed Crazy Yiuf
  2386 | D:3      | Noticed Natasha
  2396 | D:3      | Killed Natasha
  2408 | D:3      | Noticed Natasha
  2411 | D:3      | Killed Natasha
  2468 | D:3      | Noticed Jessica
  2468 | D:3      | Noticed Natasha
  2474 | D:3      | Killed Natasha
  2475 | D:3      | Reached XP level 6. HP: 52/55 MP: 8/8
  2527 | D:3      | Killed Jessica
  2689 | D:4      | Reached skill level 5 in Short Blades
  2689 | D:4      | Reached skill level 5 in Dodging
  2855 | D:4      | Noticed a sky beast
  2878 | D:4      | Killed a sky beast
  3022 | D:4      | Reached XP level 7. HP: 30/60 MP: 10/10
  3614 | D:4      | Reached skill level 10 in Stealth
  3835 | D:4      | Found a staircase to the Ecumenical Temple.
  4016 | D:5      | Reached XP level 8. HP: 40/68 MP: 12/12
  4750 | D:6      | Found a shimmering blue altar of Sif Muna.
  5548 | D:7      | Reached XP level 9. HP: 75/75 MP: 14/14
  5917 | D:7      | Found Pudel's Magic Scroll Boutique.
  5923 | D:7      | Bought a scroll of teleportation for 42 gold pieces
  5923 | D:7      | Bought a scroll of teleportation for 42 gold pieces
  5923 | D:7      | Bought a scroll of fog for 28 gold pieces
  5923 | D:7      | Bought a scroll of identify for 28 gold pieces
  6184 | D:8      | Found a stormy altar of Qazlal.
  6211 | D:8      | Found a shimmering altar of Xom.
  6212 | D:8      | Found a broken altar of Ashenzari.
  6221 | D:8      | Found an opulent altar of Gozag.
  6224 | D:8      | Found a burning altar of Makhleb.
  6400 | D:9      | Found a staircase to the Orcish Mines.
  6402 | D:9      | Found Vaiwk's Armour Boutique.
  6411 | D:9      | Noticed a troll
  6426 | D:10     | Entered Level 10 of the Dungeon
  6426 | D:10     | Found Iwoxyfia's Armour Shop.
  6430 | D:10     | Found Zexteog's Weapon Shoppe.
  6531 | D:10     | Reached skill level 5 in Invocations
  6559 | D:10     | Reached XP level 10. HP: 83/83 MP: 17/17
  6578 | D:10     | Reached skill level 5 in Long Blades
  6578 | D:10     | Reached skill level 5 in Axes
  6578 | D:10     | Reached skill level 5 in Maces & Flails
  6578 | D:10     | Reached skill level 5 in Polearms
  6578 | D:10     | Reached skill level 5 in Staves
  6578 | D:10     | Reached skill level 5 in Slings
  6578 | D:10     | Reached skill level 5 in Bows
  6578 | D:10     | Reached skill level 5 in Crossbows
  6578 | D:10     | Reached skill level 5 in Throwing
  6578 | D:10     | Reached skill level 5 in Armour
  6578 | D:10     | Reached skill level 5 in Shields
  6578 | D:10     | Reached skill level 5 in Unarmed Combat
  6578 | D:10     | Reached skill level 5 in Spellcasting
  6578 | D:10     | Reached skill level 5 in Evocations
  6624 | D:10     | Found Ogaerewn's Jewellery Boutique.
  6824 | D:9      | Reached skill level 10 in Fighting
  7203 | D:9      | Found a staircase to the Lair.
  8080 | D:10     | Found Yloma's Antique Weapon Emporium.
  8173 | D:10     | Found Zoyx Ror's Antique Armour Emporium.
  8201 | D:10     | Reached XP level 11. HP: 92/92 MP: 19/19
  8357 | D:10     | Reached skill level 5 in Conjurations
  8357 | D:10     | Reached skill level 5 in Hexes
  8357 | D:10     | Reached skill level 5 in Summonings
  8357 | D:10     | Reached skill level 5 in Necromancy
  8357 | D:10     | Reached skill level 5 in Translocations
  8357 | D:10     | Reached skill level 5 in Transmutations
  8357 | D:10     | Reached skill level 5 in Fire Magic
  8357 | D:10     | Reached skill level 5 in Ice Magic
  8357 | D:10     | Reached skill level 5 in Air Magic
  8357 | D:10     | Reached skill level 5 in Earth Magic
  8357 | D:10     | Reached skill level 5 in Poison Magic
  8733 | D:11     | Noticed Grum
  8770 | D:11     | Killed Grum
  8831 | D:11     | Noticed an eight-headed hydra
  8846 | D:11     | HP: 2/93 [eight-headed hydra (7)]
  8847 | D:11     | Mangled by an eight-headed hydra

Illustrated notes

Levels and vault maps discovered:
D:1:      dpeg_arrival_chambers_temple_mockup, layout_basic
D:2:      cheibrodos_helix_gallery, layout_basic,
          hellmonk_ecumenical_altar_arch_garden, minmay_joined_circles
D:3:      layout_rooms, eino_tiny_chamber, uniq_natasha, uniq_jessica,
          uniq_crazy_yiuf_cottage
D:4:      layout_rooms, minmay_temple_entry_poolview, serial_curves,
          eino_curves_01, eino_curves_02, kennysheep_cluttered_room
D:5:      layout_gridville, nrook_loot_triangle, grunt_tough_drop
D:6:      layout_loops_cross, led_sif_pool
D:7:      layout_cave_pools, serial_shops, shop_scrolls
D:8:      layout_basic, chequers_temple_overflow_statue_of_worship,
          marbit_many_paths, hangedman_decor_clover_reticule
D:9:      layout_rooms, erik_lair_dragon, orc_david_3
D:10:     layout_roguey, serial_shops, shop, nicolae_shop_waterfront,
          nicolae_lakefront_shop, nicolae_shop_overgrown_old_shop, shop,
          special_room [special_room_bee]
D:11:     layout_roguey, uniq_grum

Skill      XL: |  1  2  3  4  5  6  7  8  9 10 11 |
---------------+----------------------------------+-----
Stealth        | 10 11 | 11.4
Invocations    | 1 2 3 4 5 6 7 |  7.0
Long Blades    | 1 2 3 4 5 6 |  6.3
Axes           | 1 2 3 4 5 6 |  6.3
Maces & Flails | 1 2 3 4 5 6 |  6.3
Polearms       | 1 2 3 4 5 6 |  6.3
Staves         | 1 2 3 4 5 6 |  6.3
Slings         | 1 2 3 4 5 6 |  6.3
Bows           | 1 2 3 4 5 6 |  6.3
Crossbows      | 1 2 3 4 5 6 |  6.3
Throwing       | 1 2 3 4 5 6 |  6.3
Armour         | 1 2 3 4 5 6 |  6.3
Shields        | 1 2 3 4 5 6 |  6.3
Unarmed Combat | 1 2 3 4 5 6 |  6.3
Spellcasting   | 1 2 3 4 5 6 |  6.3
Evocations     | 1 2 3 4 5 6 |  6.3
Conjurations   | 1 2 3 4 5 |  5.2
Hexes          | 1 2 3 4 5 |  5.2
Summonings     | 1 2 3 4 5 |  5.2
Necromancy     | 1 2 3 4 5 |  5.2
Translocations | 1 2 3 4 5 |  5.2
Transmutations | 1 2 3 4 5 |  5.2
Fire Magic     | 1 2 3 4 5 |  5.2
Ice Magic      | 1 2 3 4 5 |  5.2
Air Magic      | 1 2 3 4 5 |  5.2
Earth Magic    | 1 2 3 4 5 |  5.2
Poison Magic   | 1 2 3 4 5 |  5.2
Fighting       | 7 8 9 10 11 | 11.2
Short Blades   | 5 6 7 |  7.9
Dodging        | 5 6 7 |  7.9

Action                   |  1- 3 |  4- 6 |  7- 9 | 10-12 || total
-------------------------+-------+-------+-------+-------++-------
Melee: Short sword       |    71 |   151 |       |       ||   222
       Bite              |     8 |    20 |    29 |    45 ||   102
       Punch             |       |     6 |     9 |    19 ||    34
       Mace              |       |    48 |   298 |   416 ||   762
Throw: Dart              |       |       |       |     2 ||     2
Evoke: Wand              |       |       |       |     1 ||     1
  Use: Scroll            |       |     6 |    10 |     2 ||    18
 Stab: Sleeping          |     4 |    18 |    18 |     1 ||    41
       Distracted        |       |       |     1 |       ||     1
Armor: Leather armour    |    16 |    48 |   172 |    16 ||   252
       Troll leather arm |       |       |       |   151 ||   151
Dodge: Dodged            |    48 |   116 |   317 |   460 ||   941
